 Dungeon Crawl Stone Soup version 0.31.0-9-g3a7656b989 (webtiles) character file.

Game seed: 9108575550133199248

185 qw the Shooter (level 5, -6/26 HPs)
             Began as a Spriggan Hunter on Feb 2, 2024.
             Mangled by an ogre
             ... wielding a +0 giant spiked club
              (32 damage)
             ... on level 4 of the Dungeon.
             The game lasted 00:00:08 (1940 turns).

qw the Shooter (Spriggan Hunter)                    Turns: 1940, Time: 00:00:09

Health: -6/26      AC:  4    Str:  7    XL:     5   Next: 37%
Magic:  6/6        EV: 20    Int: 14    God:
Gold:   135        SH:  0    Dex: 20    Spells: 4/4 levels left

rFire   . . .        a - +0 shortbow
rCold   . . .        (shield currently unavailable)
rNeg    . . .        c - +0 robe
rPois   +            (helmet restricted)
rElec   .            g - +1 cloak of Card Tricks {rPois rCorr Int+3}
rCorr   +            (gloves unavailable)
SInv    +            (boots unavailable)
Will    .....        (no amulet)
Stlth   ++           (no ring)
HPRegen 0.24/turn    (no ring)
MPRegen 0.10/turn

%: no passive effects
@: very quick
A: very small, no large weapons, unfitting armour, see invisible, speed 3
a: no special abilities


You were on level 4 of the Dungeon.
You visited 1 branch of the dungeon, and saw 4 of its levels.

You collected 135 gold pieces.


Innate Abilities, Weirdness & Mutations

You are very small and have problems with some larger weapons.
You are too small for most types of armour.
You have supernaturally acute eyesight. (SInv)
You cover ground extremely quickly. (Speed+++)


   Skills:
 - Level 2.2 Fighting
 + Level 5.5 Ranged Weapons
 - Level 5.0 Dodging
 - Level 1.5 Stealth


You had 4 spell levels left.
You didn't know any spells.
Your spell library was empty.

Inventory:

Hand Weapons
 a - a +0 shortbow (weapon)
Armour
 c - a +0 robe (worn)
 g - the +1 cloak of Card Tricks (worn) {rPois rCorr Int+3}
   (You acquired it on level 3 of the Dungeon)

   Int+3:     It affects your intelligence (+3).
   rPois:     It protects you from poison rCorr: It protects you from acid and
   corrosion.
Scrolls
 b - a scroll of identify
Potions
 e - 5 potions of curing
 h - a potion of heal wounds

Dungeon Overview and Level Annotations

Branches:
Dungeon (4/15)
 Temple: D:4-7

Altars:


Message History

The adder closely misses you.
You shoot an arrow. The arrow hits the adder.
The adder is moderately wounded.
The adder closely misses you. The adder misses you. x2
You shoot an arrow. The arrow closely misses the adder.
The adder barely misses you. The adder completely misses you.
The adder barely misses you.
You shoot an arrow. The arrow hits the adder!
You kill the adder!
The adder bites you but does no damage.
You shoot an arrow. The arrow closely misses the adder.
The adder misses you. x2
You shoot an arrow. The arrow barely misses the adder.
The adder misses you.
You shoot an arrow. The arrow completely misses the adder.
The adder closely misses you.
You shoot an arrow. The arrow hits the adder!
The adder is heavily wounded.
The adder bites you but does no damage. The adder misses you.
You shoot an arrow. The arrow closely misses the adder.
The adder completely misses you.
You shoot an arrow. The arrow closely misses the adder.
The adder closely misses you. The adder completely misses you.
You shoot an arrow. The arrow hits the adder.
You kill the adder!
b - a scroll of identify An ogre comes into view.
It is wielding a +0 giant spiked club.
You shoot an arrow. The arrow hits the ogre!
The ogre shouts!
The ogre is moderately wounded.
You shoot an arrow. The arrow completely misses the ogre.
You shoot an arrow. The arrow closely misses the ogre.
You shoot an arrow. The arrow hits the ogre.
The ogre is heavily wounded.
The ogre closely misses you.
You shoot an arrow. The arrow hits the ogre.
The ogre is heavily wounded.
The ogre hits you with a +0 giant spiked club!!
Ouch! That really hurt!
You die...

..... #....
.... ## ...
## #.# ..
#.# #..#
.#..# #...
#O..#
#...##@..#
#..#..#..#
#....#.#
#....#.#
##..## #
#...# #.
#.%## #.##
##...##
#..###.....#


You could see an ogre.

Vanquished Creatures
  An orc priest (D:3)
  An iguana (D:3)
  5 adders
  3 dart slugs (D:1)
  3 ribbon worms
  3 orcs (D:3)
  5 bats
  8 endoplasms
  2 giant cockroaches (D:3)
  5 goblins
  5 hobgoblins
  3 quokkas
  11 ball pythons
  3 frilled lizards
  7 kobolds
  3 rats
68 creatures vanquished.

Notes
Turn   | Place    | Note
-------+----------+-------------------------------------------
     0 | D:1      | qw the Spriggan Hunter began the quest for the Orb.
     0 | D:1      | Reached XP level 1. HP: 10/10 MP: 2/2
     0 | D:1      | 0 ||| qw: Version: 0.3-a-155-g5e7d8dd
     0 | D:1      | 0 ||| qw: Game counter: 1762
     0 | D:1      | 0 ||| qw: Melee chars always use a shield: true
     0 | D:1      | 0 ||| qw: God list: Okawaru
     0 | D:1      | 0 ||| qw: Allow faded altars: false
     0 | D:1      | 0 ||| qw: Do Orc after clearing Dungeon:15 true
     0 | D:1      | 0 ||| qw: Do second Lair branch before Depths: true
     0 | D:1      | 0 ||| qw: Lair rune preference: random
     0 | D:1      | 0 ||| qw: Goals: Normal
     0 | D:1      | 0 ||| PLANNING D:1-11
    31 | D:1      | Reached skill level 3 in Dodging
    96 | D:1      | Reached XP level 2. HP: 14/14 MP: 3/3
   318 | D:1      | Reached XP level 3. HP: 18/18 MP: 4/4
   671 | D:1      | 671 ||| DROPPING ring of magical power.
   672 | D:1      | 672 ||| READING scroll labelled ETYIBRETHRU.
   673 | D:1      | 673 ||| DROPPING scroll of butterflies.
  1240 | D:2      | 1240 ||| READING scroll labelled HUNOOX WAWKU.
  1241 | D:2      | 1241 ||| READING scroll labelled DAIN QUSTAM.
  1241 | D:2      | 1241 ||| ENCHANTING +0 shortbow.
  1242 | D:2      | 1242 ||| READING scroll labelled SEUTREP DOKK.
  1246 | D:2      | 1246 ||| DRINKING 2 metallic emerald potions.
  1255 | D:3      | 1255 ||| STAIRDANCE
  1281 | D:3      | 1281 ||| STAIRDANCE
  1361 | D:3      | Reached XP level 4. HP: 22/22 MP: 5/5
  1476 | D:3      | Reached XP level 5. HP: 26/26 MP: 6/6
  1707 | D:3      | 1707 ||| UPGRADING to +1 cloak.
  1712 | D:3      | 1712 ||| READING scroll labelled XETHUO PIURYU.
  1813 | D:3      | 1813 ||| READING scroll labelled INNOACR BUMUA.
  1813 | D:3      | Identified a scroll of acquirement
  1813 | D:3      | 1813 ||| ACQUIRING +1 cloak of Card Tricks {rPois rCorr
                  | Int+3}
  1813 | D:3      | Acquired the +1 cloak of Card Tricks {rPois rCorr Int+3}
  1815 | D:3      | 1815 ||| UPGRADING to +1 cloak of Card Tricks {rPois rCorr
                  | Int+3}.
  1825 | D:3      | 1825 ||| DROPPING +1 cloak.
  1826 | D:3      | 1826 ||| READING 2 scrolls labelled XOTUGO PAIGRO.
  1826 | D:3      | 1826 ||| IDENTIFYING 2 fizzy orange potions
  1827 | D:3      | 1827 ||| READING scroll of identify.
  1827 | D:3      | 1827 ||| IDENTIFYING 2 amethyst potions
  1828 | D:3      | 1828 ||| DRINKING 2 fuming brown potions.
  1829 | D:3      | 1829 ||| DROPPING 2 potions of ambrosia.
  1830 | D:3      | 1830 ||| DROPPING 2 potions of lignification.
  1935 | D:4      | Noticed an ogre
  1940 | D:4      | Mangled by an ogre

Levels and vault maps discovered:
D:1:      dpeg_arrival_fog, layout_basic, minmay_misc_feat_cross
D:2:      layout_loops_ring
D:3:      layout_rooms
D:4:      layout_basic, serial_shops, nicolae_shop_back_alley_shop,
          nicolae_half_adder, uniq_ijyb

Skill      XL: |  1  2  3  4 |
---------------+-------------+-----
Dodging        | 3 4 5 |  5.0
Ranged Weapons | 5 |  5.5
Fighting       | 2 |  2.2
Stealth        | |  1.5

Action                     |  1- 3 |  4- 6 || total
---------------------------+-------+-------++-------
   Fire: Shortbow          |   134 |    94 ||   228
    Use: Scroll            |     4 |     4 ||     8
         Potion            |     1 |     1 ||     2
 Armour: Robe              |    11 |    15 ||    26
  Dodge: Dodged            |    48 |    46 ||    94

Table legend:
 A = Non-vault XP
 B = Vault XP
 C = Vault XP percentage of total XP
 D = Non-vault monster count
 E = Vault monster count
 F = Vault count percentage of total count
                 A         B        C        D         E       F
            +---------+---------+-------+---------+---------+-------
      Total |     225 |      40 |  15.1 |      65 |       3 |   4.4
            +---------+---------+-------+---------+---------+-------
        D:1 |      50 |       0 |   0.0 |      25 |       0 |   0.0
        D:2 |      23 |       0 |   0.0 |      15 |       0 |   0.0
        D:3 |     138 |       0 |   0.0 |      23 |       0 |   0.0
        D:4 |      14 |      40 |  74.1 |       2 |       3 |  60.0
            +---------+---------+-------+---------+---------+-------
